 Dungeon Crawl Stone Soup version 0.24.0-13-gcf9b3192b9 (webtiles) character file.

Game seed: 12925171414148745515, levelgen mode: deterministic

2317 Edwards80 the Covert (level 9, -1/41 HPs)
             Began as a Spriggan Assassin on Nov 8, 2019.
             Was a Follower of Dithmenos.
             Slain by a +1 rapier of piercing (13 damage)
             ... created by the rancor of the Wu Jian Council
             ... on level 7 of the Dungeon on Nov 9, 2019.
             The game lasted 00:31:52 (10470 turns).

Edwards80 the Covert (Spriggan Assassin)           Turns: 10470, Time: 00:31:52

Health: -1/41      AC:  5    Str:  7    XL:     9   Next: 18%
Magic:  10/10      EV: 17    Int: 13    God:    Dithmenos [*.....]
Gold:   208        SH:  0    Dex: 20    Spells: 8/8 levels left

rFire    . . .     SeeInvis +   d - +2 short sword (vamp)
rCold    . . .     Gourm    .   (shield restricted)
rNeg     . . .     Faith    .   b - +2 robe
rPois    .         Spirit   .   (helmet restricted)
rElec    .         Reflect  .   c - +0 cloak
rCorr    .         Harm     .   (gloves unavailable)
MR       +....                  (boots unavailable)
Stlth    +++++++...             (no amulet)
HPRegen  0.13/turn              (no ring)
MPRegen  0.12/turn              (no ring)

@: barbed spikes, wreathed by umbra, very quick
A: very small, unfitting armour, see invisible, herbivore, speed 3, slow
metabolism 2
a: Renounce Religion


You were on level 7 of the Dungeon.
You worshipped Dithmenos.
Dithmenos was aware of your devotion.
You were not hungry.

You visited 2 branches of the dungeon, and saw 9 of its levels.

You collected 283 gold pieces.
You spent 75 gold pieces at shops.

Inventory:

Hand Weapons
 a - a +2 dagger
 d - a +2 vampiric short sword (weapon)
Missiles
 v - 5 atropa-tipped darts (quivered)
Armour
 b - a +2 robe (worn)
 c - a +0 cloak (worn)
Wands
 p - a wand of digging (5)
 u - a wand of flame (19)
Scrolls
 g - a scroll of amnesia {unknown}
 h - 2 scrolls of fog {unknown}
 i - 3 scrolls of teleportation
 j - 2 scrolls of identify
 l - a scroll of remove curse
 o - a scroll of fear
 r - a scroll of magic mapping
 t - a scroll of enchant armour
 w - a scroll of immolation {unknown}
Potions
 e - 2 potions of degeneration {unknown}
 k - a potion of magic {unknown}
 m - a potion of ambrosia {unknown}
 q - 3 potions of flight {unknown}
 s - a potion of cancellation {unknown}
Comestibles
 f - 7 rations


   Skills:
 - Level 1.5 Fighting
 + Level 9.7 Short Blades
 - Level 2.0 Throwing
 - Level 1.5 Dodging
 + Level 14.0 Stealth


You had 8 spell levels left.
You didn't know any spells.
Your spell library was empty.

Dungeon Overview and Level Annotations

Branches:
Dungeon (8/15)             Temple (1/1) D:4
   Lair: D:8-11

Altars:
Ashenzari
Cheibriados
Dithmenos
Elyvilon
Fedhas
Gozag
Hepliaklqana
Kikubaaqudgha
Makhleb
Nemelex Xobeh
Okawaru
Qazlal
Ru
Sif Muna
Trog
Uskayaw
Vehumet
Wu Jian
Yredelemnul
Zin
The Shining One

Shops:
D:5 *   D:6 :

Annotations:
D:4 Natasha


Innate Abilities, Weirdness & Mutations

You are very small and have problems with some larger weapons.
You are too small for most types of armour.
You have supernaturally acute eyesight. (SInv)
You are a herbivore.
You cover ground extremely quickly.
You need to consume almost no food.


Message History

The shadow imp is heavily wounded.
The shadow imp closely misses you. The black bear barely misses you.
The black bear claws you but does no damage.
The black bear misses you. The +4 glaive of speed hits you!
* * * LOW HITPOINT WARNING * * *
You feel better. The +1 rapier of piercing hits you.
* * * LOW HITPOINT WARNING * * *
x2 The shadow imp closely misses you.
The black bear barely misses you.
The black bear claws you but does no damage.
The black bear barely misses you.
You feel better. The shadow imp closely misses you.
The +1 rapier of piercing hits you. The black bear bites you.
The black bear barely misses you. The black bear claws you.
* * * LOW HITPOINT WARNING * * *
The +4 glaive of speed hits you.
* * * LOW HITPOINT WARNING * * *
You feel better. The shadow imp closely misses you. The black bear bites you.
* * * LOW HITPOINT WARNING * * *
The black bear closely misses you. x2; The +1 rapier of piercing hits you!
You die...

#....# #....# . #....# ##
...########....# ##.
.........##..[.####### ##.. .
##.........)).(((#########...
..
##..####....)####..>.....##...
...#....#######((#
########.##... .........##
##@## #...... ..h..<$..(# #5h#
#####..
.........Y#######(##########
#...
.........h/.(.(..(.........#
#...
!h.......K#######...........
#...
...##...#...........<.......
##.. ...
#######................. ##.
.. ................. #. ##
#######.......... #.


You could see a black bear, 3 dancing weapons and a shadow imp.

Vanquished Creatures
  A two-headed ogre (D:6)
  A hippogriff (D:6)
  Sigmund (D:6)
  Eustachio (D:4)
  2 dancing weapons (D:6)
  2 sky beasts
  A centaur (D:7)
  A big kobold (D:7)
  A bullfrog (D:3)
  2 scorpions
  A wyvern skeleton (D:6)
  2 howler monkeys
  A crimson imp (D:5)
  A jelly (D:7)
  5 hounds
  Natasha (D:4)
  An iguana (D:5)
  2 orc wizards
  2 worker ants (D:7)
  4 gnolls
  7 adders
  A howler monkey skeleton (D:4)
  2 oozes
  A worm (D:2)
  A dart slug (D:2)
  2 leopard geckos
  17 orcs
  7 bats
  5 giant cockroaches
  10 goblins
  2 hobgoblins
  8 jackals
  13 kobolds
  3 quokkas
  3 ball pythons
  6 frilled lizards
  A jackal skeleton (D:3)
  A quokka zombie (D:6)
  9 rats
132 creatures vanquished.

Vanquished Creatures (others)
  2 plants (D:2)
2 creatures vanquished.

Grand Total: 134 creatures vanquished

Notes
Turn   | Place    | Note
-------+----------+-------------------------------------------
     0 | D:1      | Edwards80 the Spriggan Assassin began the quest for the
                  | Orb.
     0 | D:1      | Reached XP level 1. HP: 10/10 MP: 2/2
    45 | D:1      | Reached skill level 6 in Stealth
   263 | D:1      | Reached XP level 2. HP: 14/14 MP: 3/3
   413 | D:1      | You fall into a shaft and drop 1 floor!
   424 | D:2      | Reached XP level 3. HP: 18/18 MP: 4/4
   615 | D:1      | Reached skill level 7 in Stealth
  1132 | D:2      | Reached XP level 4. HP: 22/22 MP: 5/5
  1630 | D:3      | Noticed a bullfrog
  1789 | D:2      | HP: 1/22 [worm (12)]
  2782 | D:3      | Reached skill level 8 in Stealth
  2782 | D:3      | Reached XP level 5. HP: 22/25 MP: 6/6
  3288 | D:4      | Noticed Natasha
  3335 | D:3      | Reached skill level 5 in Short Blades
  3671 | D:4      | Killed Natasha
  3671 | D:4      | Reached skill level 9 in Stealth
  3671 | D:4      | Reached XP level 6. HP: 12/30 MP: 7/7
  3706 | D:4      | Noticed Natasha
  4753 | D:5      | Entered Level 5 of the Dungeon
  5044 | D:4      | Found a staircase to the Ecumenical Temple.
  5054 | Temple   | Entered the Ecumenical Temple
  5327 | Temple   | Became a worshipper of the Wu Jian Council
  5428 | D:4      | Noticed Eustachio
  5435 | D:4      | Killed Eustachio
  5622 | D:5      | Reached skill level 10 in Stealth
  5622 | D:5      | Reached XP level 7. HP: 26/33 MP: 8/8
  5864 | D:5      | Found an opulent altar of Gozag.
  5864 | D:5      | Found a shadowy altar of Dithmenos.
  5867 | D:5      | Found a stormy altar of Qazlal.
  5875 | D:5      | Fell from the grace of Wu Jian
  5875 | D:5      | Became a worshipper of Dithmenos the Shadowed
  6276 | D:5      | Noticed a +4 dire flail of speed
  6276 | D:5      | Noticed a +3 dire flail of crushing
  6276 | D:5      | Noticed a +2 rapier of freezing
  6357 | D:5      | Found Bawov's Bounteous Boutique.
  6362 | D:5      | Bought a scroll of blinking for 75 gold pieces
  6485 | D:6      | Noticed a two-headed ogre
  6502 | D:6      | Killed a two-headed ogre
  6502 | D:6      | Reached skill level 12 in Stealth
  6502 | D:6      | Reached XP level 8. HP: 21/37 MP: 9/9
  6991 | D:5      | Noticed a +4 rapier of piercing
  7525 | D:6      | Found a glowing silver altar of Zin.
  7655 | D:6      | Found Ceakloco's Book Boutique.
  7758 | D:7      | Noticed a hippogriff
  7970 | D:6      | Killed a hippogriff
  7970 | D:6      | Reached skill level 13 in Stealth
  9402 | D:6      | Noticed Sigmund
  9408 | D:6      | Killed Sigmund
  9531 | D:6      | Noticed a +3 rapier of speed
  9850 | D:7      | Found a bloodstained altar of Trog.
  9922 | D:7      | Reached XP level 9. HP: 30/41 MP: 10/10
 10413 | D:7      | Reached * piety under Dithmenos
 10456 | D:7      | Reached skill level 14 in Stealth
 10470 | D:7      | Slain by a +1 rapier of piercing

Levels and vault maps discovered:
D:1:      enne_arrival_octagon_isle, layout_basic
D:2:      layout_loops_ring, serial_bayou_lake_a
D:3:      layout_basic
D:4:      layout_rooms, minmay_temple_entry_nine_rooms,
          minmay_large_rounded_square, chequers_decorated_corner,
          kennysheep_nondescript, uniq_eustachio, uniq_natasha
D:5:      layout_loops_ring, gammafunk_temple_overflow_forgotten, first_ration,
          nicolae_alphabet_shops, kennysheep_generic_room_4
D:6:      layout_loops_corners, overflow_temple_1_default, serial_shops,
          nicolae_shop_waterfront, uniq_sigmund
D:7:      layout_rooms, bloody_trog
D:8:      layout_layer_cave, uniq_pikel, uniq_maurice
Temple:   regret_index_temple_sphere_string

Skill      XL: |  1  2  3  4  5  6  7  8  9 |
---------------+----------------------------+-----
Stealth        | 6 7 8 9 10 12 13 14 | 14.0
Short Blades   | 3 4 5 6 8 9 |  9.7
Fighting       | |  1.5
Throwing       | |  2.0
Dodging        | |  1.5

Action                   |  1- 3 |  4- 6 |  7- 9 || total
-------------------------+-------+-------+-------++-------
Melee: Dagger            |   101 |   453 |   231 ||   785
       Short sword       |       |       |   233 ||   233
Throw: Dart              |       |    20 |    12 ||    32
Invok: Lunge             |       |     4 |     1 ||     5
Evoke: Wand              |       |       |     1 ||     1
  Use: Scroll            |     1 |     8 |     9 ||    18
       Potion            |       |       |     6 ||     6
 Stab: Sleeping          |    14 |    15 |     4 ||    33
       Distracted        |       |     3 |     3 ||     6
       Invisible         |       |       |     3 ||     3
  Eat: Ration            |       |     2 |     3 ||     5
Armor: Robe              |    10 |    49 |    47 ||   106
Dodge: Dodged            |    62 |   247 |   285 ||   594
